Unix NetHack Version 5.0.0-0 post-release - last build May 31 2026 23:59:36 (970b52f25bf058293b47ddfd14a1e40e571c508c,branch:main).

Game began 2026-06-08 18:27:03, ended 2026-06-08 18:51:18.

AndiBanandi, lawful female dwarven Valkyrie

                                                            ------
                                                            |.{..|
                                                             ....|
                                                            |de.
                                                            -@-
                                                             #
                                                             #
                                                             #
                                                             #
                                                             #
                                                             #
                                                             ##
                                                             -.--------
                                                             +......(.|
                                                             |........|
                                                             |......<.|
                                                             ----------

AndiBanandi the Skirmisher  St:18/03 Dx:12 Co:17 In:8 Wi:9 Ch:9  Lawful
Dlvl:3  $:15 HP:0(43) Pw:6(6) AC:5  Xp:5 T:1834 

Latest messages:
 You hear a door open.
 You see a jackal.
 The jackal bites!
 The jackal bites!
 The jackal bites!
 The jackal misses!
 The jackal bites!
 The jackal bites!
 The jackal bites!
 The jackal bites!
 The jackal bites!
 The jackal bites!
 The jackal bites!
 The jackal bites!
 The jackal just misses!
 You hear the splashing of a naiad.
 The jackal bites!
 The jackal bites!
 The jackal bites!
 The jackal bites!
 The jackal bites!
 The jackal bites!
 The jackal bites!
 The jackal bites!
 The jackal bites!
 The jackal bites!
 The jackal misses!
 The jackal bites!
 The jackal bites!
 The jackal just misses!
 You hear a door open.
 The jackal bites!
 The jackal bites!
 The jackal bites!
 The jackal bites!
 The jackal bites!
 The jackal bites!
 The jackal bites!
 The jackal bites!
 The jackal just misses!
 The jackal misses!
 The jackal bites!
 The jackal misses!
 The jackal bites!
 You die...
 Do you want your possessions identified? [ynq] (y) y
 Do you want to see your attributes? [ynq] (y) n
 Do you want an account of creatures vanquished? [ynaq] (y) n
 Do you want to see your conduct and achievements? [ynq] (y) n
 Do you want to see the dungeon overview? [ynq] (y) n

Inventory:
 Coins    ('$')
  $ - 15 gold pieces
 Amulets  ('"')
  e - an uncursed amulet versus poison (being worn)
 Weapons  (')')
  m - 12 +3 darts
  f - 4 +0 darts
  J - 6 cursed -2 darts
  b - a +0 dagger (alternate weapon; not wielded)
  a - a +1 dwarvish spear (weapon in right hand)
  q - a +0 scimitar
 Armor    ('[')
  M - an uncursed +0 dwarvish iron helm
  r - an uncursed +0 orcish helm
  j - an uncursed corroded +3 orcish helm
  c - an uncursed +3 small shield (being worn)
  n - an uncursed +0 leather cloak (being worn)
  t - an uncursed +2 mummy wrapping
 Comestibles  ('%')
  d - 2 uncursed food rations
  K - 2 uncursed tripe rations
 Scrolls  ('?')
  p - an uncursed scroll of confuse monster
  i - an uncursed scroll of create monster
  N - an uncursed scroll of enchant weapon
  h - a blessed scroll of identify
 Potions  ('!')
  L - an uncursed potion of hallucination
  k - an uncursed potion of see invisible
  l - 2 uncursed potions of speed
 Tools    ('(')
  x - an empty uncursed sack
  E - an empty uncursed sack
  O - a frost horn (0:6)
  g - an uncursed leash
  y - an uncursed skeleton key
 Gems/Stones  ('*')
  I - an uncursed obsidian stone
  s - an uncursed worthless piece of red glass
  o - 3 uncursed worthless pieces of white glass

AndiBanandi the Valkyrie's attributes:

Background:
 You were a Skirmisher, a level 5 dwarven Valkyrie.
 You were lawful, on a mission for Tyr
 who was opposed by Odin (neutral) and Loki (chaotic).
 You were right-handed.
 You were in the Dungeons of Doom, on level 3.
 You entered the dungeon 1834 turns ago.
 You had 185 experience points, 135 more were needed to attain level 6.

Basics:
 You had 0 out of 43 hit points.
 You had all 6 energy points (spell power).
 Your armor class was 5.
 Your wallet contained 15 zorkmids.
 Autopickup was on for '$"/!?+' plus thrown.

Final Characteristics:
 Your strength was 18/03 (limit:18/100).
 Your dexterity was 12 (limit:20).
 Your constitution was 17 (limit:20).
 Your intelligence was 8 (limit:16).
 Your wisdom was 9 (limit:16).
 Your charisma was 9 (limit:16).

Final Status:
 You weren't hungry.
 You were unencumbered.
 You were wielding a spear.
 You had basic skill with spear.

Final Attributes:
 You were devoutly aligned.
 You were cold resistant.
 You were poison resistant.
 You had infravision.
 You were stealthy.
 You were warded.
 You are dead.

Miscellaneous:
 You didn't encounter any bones levels.
 Total elapsed playing time was 23 minutes and 46 seconds.

Major events:
 Turn
    1: AndiBanandi the lawful dwarven Valkyrie entered the dungeon
  499: attained the rank of Skirmisher (level 3)
  557: entered the Gnomish Mines
  670: reached Mine Town
 1834: killed by a jackal, while frozen by a floating eye's gaze

You didn't know any spells.

Skills:
 Fighting Skills
   bare handed combat [Unskilled]
   two weapon combat  [Unskilled]
   riding             [Unskilled]
 Weapon Skills
   dagger             [Basic]
   axe                [Unskilled]
   pick-axe           [Unskilled]
   short sword        [Unskilled]
   broadsword         [Unskilled]
   long sword         [Unskilled]
   two-handed sword   [Unskilled]
   saber              [Unskilled]
   hammer             [Unskilled]
   quarterstaff       [Unskilled]
   polearms           [Unskilled]
   spear              [Basic]
   trident            [Unskilled]
   lance              [Unskilled]
   sling              [Unskilled]
 Spellcasting Skills
   attack spells      [Unskilled]
   escape spells      [Unskilled]

Voluntary challenges:
 Your character was rerolled 23 times.
 You were illiterate.
 You never had a pet.
 You never genocided any monsters.
 You never polymorphed an object.
 You never changed form.
 You used no wishes.
Achievements:
 You attained the rank of Skirmisher.
 You entered the Gnomish Mines.
 You entered Minetown.
 You entered a shop.
 You entered a temple.

 The Dungeons of Doom: levels 1 to 3
    Level 1:
    Level 2:
       A tool shop.
       Stairs down to The Gnomish Mines.
    Level 3: <- You were here.
       A fountain.
       Final resting place for
          you, killed by a jackal, while frozen by a floating eye's gaze.
 The Gnomish Mines: levels 3 to 5
    Level 3:
    Level 4:
    Level 5:
       Many shops, a temple and an altar, some fountains.


Vanquished creatures:
  2 small mimics
  a shrieker
  2 kobold mummies
  a homunculus
  a kobold leader
  2 iguanas
  a coyote
  a large kobold
  a hobgoblin
  a brown mold
  a gecko
  4 jackals
  a fox
  a kobold
  a goblin
  2 grid bugs
  2 lichens
  a kobold zombie
  4 newts
30 creatures vanquished.

No species were genocided or became extinct.

Game over:
                       ----------
                      /          \
                     /    REST    \
                    /      IN      \
                   /     PEACE      \
                  /                  \
                  |   AndiBanandi    |
                  |      15 Au       |
                  |   killed by a    |
                  |      jackal      |
                  |                  |
                  |                  |
                  |       2026       |
                 *|     *  *  *      | *
        _________)/\\_//(\/(/\)/\//\/|_)_______

Farvel AndiBanandi the Valkyrie...

You died in The Dungeons of Doom on dungeon level 3 with 954 points,
and 15 pieces of gold, after 1834 moves.
You were level 5 with a maximum of 43 hit points when you died.

